 Dungeon Crawl Stone Soup version 0.30-a0-528-g8c47a4955b (webtiles) character file.

Game seed: 6294232188992684340

1306 Darkkill the Shooter (level 8, -4/68 (71) HPs)
             Began as a Minotaur Hunter on Dec 23, 2022.
             Killed by divine providence
             ... invoked by an orc priest
              (15 damage)
             ... on level 6 of the Dungeon.
             The game lasted 00:04:28 (4396 turns).

Darkkill the Shooter (Minotaur Hunter)              Turns: 4396, Time: 00:04:29

HP:   -4/68 (71)    AC:  6    Str: 13 (15) XL:     8   Next: 32%
MP:   7/7           EV: 15    Int:  4 (6)  God:
Gold: 437           SH:  0    Dex: 16 (17) Spells: 7/7 levels left

rFire   . . .      SeeInvis .    a - +1 shortbow (drain)
rCold   + . .      Faith    .    (shield currently unavailable)
rNeg    . . .      Spirit   .    c - +3 leather armour
rPois   .          Reflect  .    (helmet restricted)
rElec   .          Harm     .    (no cloak)
rCorr   .          Rampage  .    (no gloves)
Will    .....                    (no boots)
Stlth   +++                      (no amulet)
HPRegen 0.31/turn                (no ring)
MPRegen 0.10/turn                (no ring)

@: about to teleport, lightly drained
A: horns 2, retaliatory headbutt, cold resistance 1, MP-powered wands, sturdy
frame 1
a: no special abilities


You were on level 6 of the Dungeon.
You visited 1 branch of the dungeon, and saw 6 of its levels.

You collected 437 gold pieces.

Inventory:

Hand Weapons
 a - a +1 shortbow of draining (weapon)
 b - the +5 dagger of Victory {vorpal, Contam rPois rN+++ Will+}
   (You found it on level 2 of the Dungeon)

   It inflicts extra damage upon your enemies.
   rPois:     It protects you from poison.
   rN:        It renders you almost immune to negative energy.
   Contam:    It causes magical contamination when unequipped.
   Will:      It increases your willpower.
Missiles
 d - 67 stones
 e - a boomerang
 o - 2 poisoned darts
Armour
 c - a +3 leather armour (worn)
Scrolls
 f - a scroll of silence {unknown}
 h - a scroll of immolation
Potions
 g - a potion of haste
 i - a potion of flight
 j - a potion of brilliance
 n - 4 potions of attraction
 p - a potion of might


   Skills:
 + Level 6.5 Fighting
 + Level 7.1 Ranged Weapons
 + Level 5.9 Dodging
 + Level 4.5 Stealth


You had 7 spell levels left.
You didn't know any spells.
Your spell library contained the following spells:

 Spells                   Type           Power      Damage    Failure   Level
 Blink                    Tloc           0%         N/A       65%         2
 Momentum Strike          Conj/Tloc      0%         3d8       65%         2
 Lesser Beckoning         Tloc           0%         N/A       87%         3


Dungeon Overview and Level Annotations

Branches:
Dungeon (6/15)
 Temple: D:4-7

Altars:
Cheibriados
Hepliaklqana
Nemelex Xobeh
Ru
Uskayaw
Vehumet
Zin

Annotations:
D:4 Grinder


Innate Abilities, Weirdness & Mutations

You have a pair of horns on your head.
You reflexively headbutt those who attack you in melee.
Your flesh is cold resistant. (rC+)
You expend magic power (3 MP) to strengthen your wands.
Your movements are slightly less encumbered by armour. (ER -2)


Message History

The orc completely misses you. You furiously retaliate!
You headbutt the orc!
You kill the orc!
Things that are here:
a +0 dagger; a +0 robe; an orc corpse No target in view!
Things that are here:
a +0 club; a +0 dagger; a +0 ring mail You see here a +0 flail.
An orc wizard comes into view. It is wielding a +2 dagger of draining.
An orc wizard is nearby!
You shoot an arrow. The arrow barely misses the orc wizard.
You hear a shout! x2
An orc comes into view. It is wielding a +0 club.
An orc is nearby!
You shoot an arrow. The arrow hits the orc!
You kill the orc!
An orc wizard is nearby!
You shoot an arrow.
The arrow hits the orc wizard but does no damage.
You drain the orc wizard.
The orc wizard is lightly wounded.
An orc comes into view. It is wielding a +0 club.
An orc priest comes into view. It is wielding a +0 flail.
There are monsters nearby!
You shoot an arrow. The orc shouts!
The arrow hits the orc wizard.
The orc wizard is moderately wounded.
An orc wizard comes into view. It is wielding a +0 dagger.
There are monsters nearby!
You shoot an arrow. The arrow barely misses the orc wizard.
The orc wizard hits you with a +2 dagger of draining.
You feel drained. The orc priest closely misses you.
You shoot an arrow. The arrow barely misses the orc wizard.
The orc wizard hits you but does no damage.
You feel drained.
The orc priest invokes the aid of Beogh against you.
Beogh smites you!
There are monsters nearby!
You shoot an arrow.
The arrow hits the orc wizard but does no damage.
You drain the orc wizard.
The orc wizard is moderately wounded.
The orc wizard hits you but does no damage.
You feel drained. The orc priest misses you.
A hound comes into view.
There are monsters nearby!
You shoot an arrow. The arrow barely misses the orc wizard.
The hound barks!
The orc wizard completely misses you. The orc priest misses you.
The orc wizard hits you but does no damage.
You feel drained. The orc priest closely misses you.
The orc wizard mumbles some strange words.
The orc wizard flickers and vanishes!
Deactivating autopickup; reactivate with Ctrl-A.
There are monsters nearby!
You shoot an arrow. The arrow barely misses the orc wizard.
The arrow hits the orc.
The orc is moderately wounded.
The orc wizard misses you.
The orc priest hits you with a +0 flail.
There are monsters nearby!
You shoot an arrow. The arrow hits the orc wizard.
You drain the orc wizard.
You kill the orc wizard!
The orc priest looks braver for a moment.
The orc hits you with a +0 club.
You shoot an arrow. The orc priest closely misses you. You furiously retaliate!
You headbutt the orc priest! The orc barely misses you. Something hits you.
You shoot an arrow.
The orc priest begins to cast a cantrip, but forgets the words!
The orc closely misses you. Something hits you.
You shoot an arrow. The arrow misses the hound.
The orc priest calls upon Beogh to heal the orc.
The orc hits you but does no damage.
You hear some strange, mumbled words.
A puff of flame appears from out of thin air!
The puff of flame hits you.
You shoot an arrow.
The orc priest hits you with a +0 flail.
Something hits you but does no damage. The orc misses you.
You shoot an arrow. The arrow barely misses the hound.
The orc priest calls upon Beogh to heal the orc.
The orc hits you with a +0 club. Something hits you.
The orc priest hits you with a +0 flail!
The orc misses you. Something hits you.
You shoot an arrow.
The orc priest calls down the wrath of Beogh upon you.
Beogh smites you!
* * * LOW HITPOINT WARNING * * *
The orc closely misses you. Something hits you but does no damage.
You shoot an arrow.
The orc priest looks encouraged for a moment.
The orc barely misses you. Something hits you but does no damage.
Unknown command.
As you read the scroll of teleportation, it crumbles to dust.
You feel strangely unstable. The orc hits you with a +0 club.
* * * LOW HITPOINT WARNING * * *
The orc priest calls down the wrath of Beogh upon you.
Beogh smites you!
You die...

#.# #.# .....#
#.# .....# #.#
.....# #.# )....
#.###### ...#
#.#....# ...#
#.#....#####o..##
#......))..@{h..#
###...)#####o...#
#....# ....#
#....# ....#
#....# .##.#
###### .# .# .. .
.. #


You could see a hound, an orc priest and an orc.

Vanquished Creatures
  Duvessa (D:5)
  A water moccasin (D:6)
  A black bear (D:4)
  An ogre (D:5)
  2 phantoms (D:5)
  2 scorpions (D:5)
  Dowan (D:5)
  A howler monkey (D:6)
  A jelly (D:6)
  An orc priest (D:5)
  2 gnoll boudas (D:4)
  2 hounds (D:5)
  5 iguanas
  3 orc wizards
  8 gnolls (D:4)
  5 adders
  A shadow imp (D:6)
  A worm (D:4)
  12 orcs
  2 endoplasms
  3 giant cockroaches
  4 hobgoblins
  3 quokkas
  14 ball pythons
  7 bats
  5 goblins
  7 kobolds
  3 rats
99 creatures vanquished.

Notes
Turn   | Place    | Note
-------+----------+-------------------------------------------
     0 | D:1      | Darkkill the Minotaur Hunter began the quest for the Orb.
     0 | D:1      | Reached XP level 1. HP: 18/18 MP: 0/0
    79 | D:1      | Reached skill level 1 in Stealth
   153 | D:1      | Reached XP level 2. HP: 25/25 MP: 1/1
   347 | D:1      | Found a faded altar of an unknown god.
   698 | D:2      | Reached XP level 3. HP: 31/31 MP: 2/2
   870 | D:2      | Identified the +5 dagger of Victory {vorpal, Contam rPois
                  | rN+++ Will+}
  1520 | D:3      | Reached XP level 4. HP: 34/38 MP: 3/3
  1847 | D:4      | Found a radiant altar of Vehumet.
  1923 | D:4      | Noticed Grinder
  2057 | D:4      | Reached skill level 5 in Ranged Weapons
  2218 | D:4      | Found a hazy altar of Hepliaklqana.
  2261 | D:4      | Identified the +2 dagger of Recklessness {flame, rC+ Int+3}
  2274 | D:4      | Found a sparkling altar of Nemelex Xobeh.
  2407 | D:4      | Reached XP level 5. HP: 46/46 MP: 4/4
  2538 | D:4      | Noticed a black bear
  2544 | D:4      | Killed a black bear
  2545 | D:4      | Reached XP level 6. HP: 53/53 MP: 5/5
  2590 | D:4      | You fall into a shaft and drop 2 floors!
  2649 | D:5      | Entered Level 5 of the Dungeon
  2870 | D:4      | HP: 8/53 [gnoll/+0 spear[a gnoll bouda] (5)]
  3078 | D:5      | Reached skill level 5 in Fighting
  3078 | D:5      | Reached skill level 6 in Ranged Weapons
  3178 | D:5      | Found a hide-covered altar of Uskayaw.
  3185 | D:5      | Reached XP level 7. HP: 61/61 MP: 6/6
  3206 | D:5      | Noticed Dowan
  3208 | D:5      | Noticed Duvessa
  3217 | D:5      | Killed Duvessa
  3231 | D:5      | Killed Dowan
  3391 | D:5      | Reached skill level 5 in Dodging
  3437 | D:5      | Found a sacrificial altar of Ru.
  3514 | D:5      | Found a snail-covered altar of Cheibriados.
  3514 | D:5      | Found a glowing silver altar of Zin.
  3573 | D:5      | Reached XP level 8. HP: 61/70 MP: 7/7
  4074 | D:5      | Gained mutation: You expend magic power (3 MP) to
                  | strengthen your wands. [potion of mutation]
  4074 | D:5      | Gained mutation: Your flesh is cold resistant. (rC+)
                  | [potion of mutation]
  4074 | D:5      | Gained mutation: Your movements are slightly less
                  | encumbered by armour. (ER -2) [potion of mutation]
  4283 | D:6      | Reached skill level 7 in Ranged Weapons
  4394 | D:6      | HP: 12/68 [orc priest/divine providence (12)]
  4396 | D:6      | Killed from afar by an orc priest

Illustrated notes

Levels and vault maps discovered:
D:1:      tarquinn_simple_flora_water_b, layout_basic, basic_ecumenical_altar
D:2:      layout_loops_ring, nicolae_underground_beach
D:3:      layout_rooms
D:4:      layout_basic, mainiacjoe_overflow_surrounded_room, old_standard_altar,
          lemuel_coloured_pillars_altar, uniq_grinder
D:5:      layout_loops_cross, mainiacjoe_overflow_boulevard,
          nicolae_uskayaw_dance_hall, gammafunk_temple_overflow_statue,
          grunt_ministairs_9, uniq_duvessa
D:6:      layout_basic, nicolae_tso_carved_into_rock, serial_shops,
          nicolae_lakefront_shop

Skill      XL: |  1  2  3  4  5  6  7  8 |
---------------+-------------------------+-----
Stealth        | 1 2 3 4 |  4.5
Fighting       | 3 4 5 6 |  6.5
Dodging        | 3 4 5 |  5.9
Ranged Weapons | 5 6 7 |  7.1

Action                   |  1- 3 |  4- 6 |  7- 9 || total
-------------------------+-------+-------+-------++-------
Melee: Unarmed           |       |     7 |       ||     7
 Fire: Shortbow          |    90 |    83 |   118 ||   291
  Use: Scroll            |     8 |     6 |     3 ||    17
       Potion            |       |       |     7 ||     7
Armor: Leather armour    |     5 |    11 |    26 ||    42
Dodge: Dodged            |    18 |    52 |    62 ||   132

Table legend: (Time is in decaauts)
 A = Elapsed time spent in this place.
 B = Non-inter-level travel time spent in this place.
 C = Inter-level travel time spent in this place.
 D = Time resting spent in this place.
 E = Time spent auto-exploring this place.
 F = Levels seen in this place.
 G = Mean time per level.
                   A        B        C        D        E       F      G
               +--------+--------+--------+--------+--------+-----+--------+
         Total |   4476 |   4365 |    111 |    344 |   3363 |   6 |  746.0 |
       Dungeon |   4476 |   4365 |    111 |    344 |   3363 |   6 |  746.0 |
               +--------+--------+--------+--------+--------+-----+--------+

Top non-repeatable levels by time:
     D:5: 1226 daAuts
     D:4: 1118 daAuts
     D:2: 707 daAuts
     D:1: 620 daAuts
     D:3: 510 daAuts
     D:6: 293 daAuts

Table legend:
 A = Kills in this place as a percentage of kills in entire the game.
 B = Kills by you in this place as a percentage of kills by you in the entire game.
 C = Kills by friends in this place as a percentage of kills by friends in the entire game.
 D = Other kills in this place as a percentage of other kills in the entire game.
 E = Experience gained in this place as a percentage of experience gained in the entire game.
 F = Experience gained in this place divided by the number of levels of this place that you have seen.
                   A       B       C       D       E      F
               +-------+-------+-------+-------+-------+----------------------
         Total | 100.0 | 100.0 |   N/A |   N/A | 100.0 | 311.0
       Dungeon | 100.0 | 100.0 |   N/A |   N/A | 100.0 | 311.0
               +-------+-------+-------+-------+-------+----------------------
